 Dungeon Crawl Stone Soup version 0.31-a0-1227-g0136665373 (webtiles) character file.

Game seed: 4326767884010389957

102 Curundu the Trooper (level 4, -1/41 HPs)
             Began as a Draconian Berserker on Dec 14, 2023.
             Was a Believer of Trog.
             Slain by an orc
             ... wielding a +0 short sword
              (5 damage)
             ... on level 2 of the Dungeon.
             The game lasted 00:05:22 (1697 turns).

Curundu the Trooper (Draconian Berserker)           Turns: 1697, Time: 00:05:23

Health: -1/41      AC:  6    Str: 22    XL:     4   Next: 50%
Magic:  4/4        EV: 12    Int:  7    God:    Trog [**....]
Gold:   63         SH:  0    Dex: 10    Spells: 3/3 levels left

rFire   . . .        a - +0 falchion
rCold   . . .        (no shield)
rNeg    . . .        (body armour unavailable)
rPois   .            (helmet restricted)
rElec   .            (no cloak)
rCorr   .            o - +0 pair of gloves
SInv    .            (no boots)
Will    .....        (no amulet)
Stlth   +            d - ring of flight
HPRegen 0.26/turn    (no ring)
MPRegen 0.09/turn

%: no passive effects
@: flying
A: AC +5, unfitting armour, cold-blooded
a: Renounce Religion, Berserk, Trog's Hand


You were on level 2 of the Dungeon.
You worshipped Trog.
Trog was pleased with you.
You visited 1 branch of the dungeon, and saw 2 of its levels.

You collected 63 gold pieces.

Inventory:

Hand Weapons
 a - a +0 falchion (weapon)
Armour
 o - a +0 pair of gloves (worn)
Jewellery
 d - a ring of flight (left hand)
 k - a ring of flight
Scrolls
 b - a scroll of amnesia {unknown}
 c - a scroll of teleportation {unknown}
 f - a scroll of torment {unknown}
 g - a scroll of brand weapon {unknown}
 j - a scroll of fear {unknown}
 l - a scroll of silence {unknown}
Potions
 e - a potion of curing {unknown}
 h - a potion of haste {unknown}
 i - 2 potions of might {unknown}
 m - a potion of attraction {unknown}
 n - a potion of berserk rage {unknown}


   Skills:
 + Level 4.4 Fighting
 + Level 3.9 Long Blades
 + Level 3.3 Dodging
 + Level 0.5 Stealth


You had 3 spell levels left.
You didn't know any spells.
Your spell library was empty.

Dungeon Overview and Level Annotations

Branches:
Dungeon (2/15)

Altars:


Innate Abilities, Weirdness & Mutations

Your plain brown scales are hard. (AC +5)
You cannot fit into any form of body armour.
You are cold-blooded and may be slowed by cold attacks.


Message History

The orc is heavily wounded.
You hit the orc priest. You tail-slap the orc priest.
The orc priest is heavily wounded.
The orc barely misses you.
The orc priest invokes the aid of Beogh against you.
Pain shoots through your body!
You closely miss the orc priest.
The orc priest is moderately wounded.
The orc hits you with a +0 short sword. The orc priest barely misses you.
The orc hits you with a +0 short sword.
The orc priest looks braver for a moment.
You hit the orc priest.
Your tail-slap misses the orc priest.
The orc priest is heavily wounded.
The orc closely misses you. The orc priest barely misses you.
You slash the orc priest!
You kill the orc priest!
Trog accepts your kill. The orc hits you with a +0 short sword.
* * * LOW HITPOINT WARNING * * *
You hit the orc but do no damage. The orc hits you but does no damage.
The orc hits you with a +0 war axe!
* * * LOW HITPOINT WARNING * * *
You slash the orc!
You kill the orc!
Trog accepts your kill. The orc closely misses you.
You barely miss the orc. You tail-slap the orc.
The orc is heavily wounded.
The orc closely misses you. The orc hits you with a +0 dagger.
* * * LOW HITPOINT WARNING * * *
You slash the orc!
You kill the orc!
Trog accepts your kill. The orc closely misses you.
You closely miss the orc. The orc hits you but does no damage. x2
You hit the orc.
You kill the orc!
Trog accepts your kill. The orc hits you with a +0 short sword.
You die...

.########### #.#
#.......†###.#
#.......†'...#
#........#####
...........####
...#####.#.....#
.........#.###.#
.........#.# #.########
##.......#.###.@).....#
#.............o#####.#
#......##.####.#
#......##.# #.#
#......##.# #.#
#########.# #.# #.# #.#
#.# #.. #.# ##


You could see an orc.

Vanquished Creatures
  An orc priest (D:2)
  A gnoll (D:1)
  An adder (D:2)
  A dart slug (D:2)
  3 orcs (D:2)
  2 ball pythons (D:2)
  7 endoplasms
  3 giant cockroaches
  7 hobgoblins
  5 jackals (D:1)
  A quokka (D:1)
  5 bats
  3 frilled lizards
  3 goblins
  3 kobolds
  3 rats
49 creatures vanquished.

Notes
Turn   | Place    | Note
-------+----------+-------------------------------------------
     0 | D:1      | Curundu the Draconian Berserker began the quest for the
                  | Orb.
     0 | D:1      | Reached XP level 1. HP: 19/19 MP: 1/1
   150 | D:1      | Reached XP level 2. HP: 25/26 MP: 2/2
   419 | D:1      | Reached skill level 4 in Fighting
   553 | D:1      | Reached XP level 3. HP: 25/33 MP: 3/3
  1317 | D:2      | Reached ** piety under Trog
  1648 | D:2      | Reached XP level 4. HP: 34/40 MP: 4/4
  1697 | D:2      | Slain by an orc

Illustrated notes

Levels and vault maps discovered:
D:1:      wander_arrival_fairy_ring, layout_basic, hangedman_decor_lopped,
          chequers_arboretum, nicolae_concentric_dashed_squares_mild
D:2:      minmay_razor_zed, layout_basic

Skill      XL: |  1  2 |
---------------+-------+-----
Fighting       | 4 |  4.4
Dodging        | 3 |  3.3
Long Blades    | |  3.9
Stealth        | |  0.5

Action                     |  1- 3 |  4- 6 || total
---------------------------+-------+-------++-------
  Melee: Falchion          |   135 |    15 ||   150
         Tailslap          |    18 |     2 ||    20
         Punch             |     2 |       ||     2
   Stab: Sleeping          |     1 |       ||     1
 Armour: Skin              |    81 |     9 ||    90
  Dodge: Dodged            |   114 |     8 ||   122

Table legend: (Time is in decaauts)
 A = Elapsed time spent in this place.
 B = Non-inter-level travel time spent in this place.
 C = Inter-level travel time spent in this place.
 D = Time resting spent in this place.
 E = Time spent auto-exploring this place.
 F = Levels seen in this place.
 G = Mean time per level.
                   A        B        C        D        E       F      G
               +--------+--------+--------+--------+--------+-----+--------+
         Total |   1717 |   1717 |      0 |      0 |   1313 |   2 |  858.5 |
       Dungeon |   1717 |   1717 |      0 |      0 |   1313 |   2 |  858.5 |
               +--------+--------+--------+--------+--------+-----+--------+

Top non-repeatable levels by time:
     D:1: 962 daAuts
     D:2: 754 daAuts
